Map: Dusty Gorge

Players

Shatter - Winner!

  • Race: Zerg Zerg
  • League: Diamond
  • Spawn Location: 5:00

ScharEinheit - Winner!

  • Race: Zerg Zerg
  • League: Diamond
  • Spawn Location: 3:00

Massa

  • Race: Terran Terran
  • League: Gold
  • Spawn Location: 9:00

qqq

  • Race: Zerg Zerg
  • League: Platinum
  • Spawn Location: 11:00

VOD

Have the link to the VOD?

Description

Time

  • Played on: May 31, 2020, 3 p.m.
  • Length: 8:48
Show
View Real Time Build Order
Export as new Build Order

Shatter Zerg - Winner!

Build Orders: Hatch First 

Get SALT Encoding   

  12  0:08  Overlord  
  12  0:13  Drone  
  13  0:18  Drone  
  14  0:33  Drone x2  
  17  0:42  Drone  
  17  0:58  Drone  
  17  1:00  Hatchery  
  17  1:03  Drone  
  18  1:12  Extractor  
  18  1:18  Spawning Pool  
  16  1:20  Drone  
  16  1:23  Drone  
  18  1:35  Drone  
  19  1:45  Drone  
  20  1:55  Overlord  
  20  2:05  Queen  
  22  2:11  Queen  
  24  2:16  Zergling x4  
  24  2:17  Metabolic Boost  
  24  2:19  Drone  
  24  2:22  Drone  
  28  2:31  Roach Warren  
  28  2:36  Drone  
  28  2:37  Drone  
  29  2:47  Zergling x4  
  31  2:52  Zergling x2  
  32  2:59  Overlord  
  32  3:01  Zergling x2  
  33  3:07  Drone  
  34  3:18  Drone  
  34  3:19  Drone x2  
  37  3:20  Drone x4  
  37  3:21  Drone  
  42  3:31  Overlord  
  44  3:34  Roach  
  44  3:39  Extractor  
  43  3:51  Drone  
  43  3:52  Drone x2  
  43  3:54  Extractor, Roach x3  
  51  3:55  Zergling x2  
  51  3:57  Overlord x2  
  52  4:14  Roach  
  52  4:17  Roach x2  
  55  4:26  Roach  
  57  4:37  Roach  
  55  4:44  Roach  
  55  4:46  Zergling x12  
  57  4:59  Roach  
  51  5:04  Roach  
  51  5:07  Zergling x4  
  50  5:17  Roach  
  49  5:26  Zergling x2  
  52  5:28  Roach  
  48  5:36  Roach  
  50  5:47  Zergling x14  
  55  6:02  Extractor  
  52  6:06  Roach x2  
  52  6:08  Roach x4  
  64  6:14  Roach x2  
  64  6:20  Roach  
  64  6:22  Roach  
  64  6:29  Roach  
  64  6:30  Roach  
  68  6:37  Hatchery  
  68  6:38  Roach  
  68  6:39  Roach x2  
  67  6:40  Hatchery  
  67  6:41  Overlord x2  
  64  6:49  Roach x2  
  68  7:00  Roach x4  
  76  7:02  Roach  
  76  7:08  Roach x2  
  82  7:16  Roach  
  82  7:17  Overlord  
  82  7:18  Overlord x2  
  84  7:32  Overlord x2  
  84  7:39  Roach  
  84  7:40  Roach x7  
  80  8:08  Roach x8  
  92  8:21  Roach  
  92  8:22  Roach x2  
  98  8:29  Roach x2  
Show
View Real Time Build Order
Export as new Build Order

ScharEinheit Zerg - Winner!

Build Orders: Hatch First 

Get SALT Encoding   

  12  0:08  Overlord  
  12  0:13  Drone  
  13  0:18  Drone  
  14  0:26  Drone  
  15  0:30  Drone  
  16  0:50  Hatchery  
  16  0:54  Drone  
  16  0:57  Drone  
  16  1:02  Drone  
  18  1:11  Extractor  
  18  1:17  Spawning Pool  
  16  1:20  Drone  
  16  1:24  Drone  
  18  1:35  Overlord  
  18  1:45  Drone  
  19  1:57  Drone  
  20  2:02  Drone  
  20  2:04  Queen x2  
  20  2:06  Drone  
  26  2:16  Metabolic Boost  
  26  2:18  Zergling x2  
  27  2:28  Drone x2  
  29  2:33  Roach Warren  
  29  2:35  Drone  
  29  2:40  Drone  
  29  2:41  Drone  
  31  2:46  Drone  
  31  2:50  Drone  
  33  2:57  Overlord  
  33  3:00  Drone  
  34  3:07  Drone  
  34  3:11  Drone  
  35  3:21  Roach x4  
  35  3:25  Overlord  
  43  3:30  Overlord  
  43  3:35  Lair  
  43  3:37  Overlord  
  43  3:45  Roach  
  43  3:47  Overlord  
  47  3:48  Roach  
  47  3:55  Extractor  
  46  3:56  Extractor, Drone  
  46  3:57  Drone x5, Extractor  
  52  4:03  Roach  
  52  4:19  Roach x2  
  48  4:32  Roach  
  50  4:42  Roach x2  
  54  4:59  Roach  
  58  5:00  Roach  
  58  5:10  Zergling x2  
  58  5:11  Zergling x10  
  58  5:25  Zergling x2  
  58  5:26  Zergling x2  
  55  5:39  Roach x2  
  58  5:44  Drone x2  
  56  5:57  Roach x2  
  60  6:08  Queen  
  60  6:10  Roach  
  60  6:11  Roach  
  61  6:20  Zergling x4  
  61  6:27  Roach  
  61  6:28  Roach  
  61  6:35  Roach x2  
  61  6:38  Roach x2  
  69  6:42  Roach x2  
  69  6:43  Roach x2  
  71  6:51  Roach  
  71  6:52  Roach  
  70  7:02  Roach x2  
  74  7:09  Overlord x3  
  74  7:12  Hatchery  
  73  7:17  Roach  
  73  7:20  Overlord x3  
  74  7:31  Roach  
  74  7:32  Roach x2  
  74  7:35  Zergling x2  
  74  7:36  Zergling x4  
  83  7:39  Zergling x2  
  83  7:40  Zergling x2  
  85  7:45  Roach x3  
  91  7:59  Roach x2  
  91  8:01  Zergling x2  
  94  8:08  Zergling x10  
  94  8:12  Roach x2  
  96  8:17  Roach  
  94  8:23  Roach  
Show
View Real Time Build Order
Export as new Build Order

Massa Terran 

Build Orders: 2 Factory, Hellion Opening 

Get SALT Encoding   

  12  0:12  Supply Depot  
  12  0:13  SCV  
  13  0:25  SCV  
  14  0:36  Barracks  
  14  0:37  SCV  
  15  0:51  Supply Depot  
  15  0:53  SCV  
  16  1:05  Refinery, SCV  
  17  1:17  SCV  
  18  1:19  Refinery  
  18  1:30  SCV  
  19  1:43  Supply Depot  
  19  1:46  Orbital Command  
  19  1:51  Marine  
  20  1:57  Factory  
  20  2:09  Marine  
  21  2:20  SCV  
  22  2:26  Factory  
  22  2:32  SCV  
  23  2:42  Barracks Reactor, Factory Reactor  
  23  3:08  Supply Depot  
  23  3:19  Hellion x2  
  27  3:29  Hellion x2  
  31  3:41  Hellion x2, Supply Depot  
  35  3:45  Supply Depot  
  35  3:50  Hellion x2  
  39  4:02  Hellion x2  
  41  4:33  Marine  
  41  4:35  Hellion  
  41  4:36  Hellion x3  
  48  4:51  Marine  
  49  4:57  Hellion x2  
  53  5:09  Marine  
  48  5:27  Marine  
  30  5:43  Hellion x4  
  30  5:46  Marine  
  38  6:04  Hellion x2  
  38  6:05  Hellion x2  
  40  6:25  Hellion, Marine  
  40  6:26  Hellion x2  
  40  6:28  Hellion  
  40  6:43  Marine  
  43  6:47  Hellion x3  
  47  7:01  Marine  
  48  7:11  Barracks  
  48  7:18  Marine  
  45  7:39  Command Center  
  45  7:53  Factory Tech Lab, Marine  
  35  8:05  Marine  
  35  8:11  SCV, Marine  
  27  8:21  Barracks  
  27  8:23  SCV, Marine  
  26  8:29  Barracks  
  26  8:35  SCV  
Show
View Real Time Build Order
Export as new Build Order

qqq Zerg 

Build Orders: Hatch First 

Get SALT Encoding   

  12  0:02  Drone  
  13  0:09  Drone  
  14  0:37  Hatchery  
  13  0:52  Spawning Pool  
  12  1:02  Overlord  
  12  1:06  Drone  
  12  1:09  Drone  
  14  1:18  Overlord  
  14  1:26  Drone  
  15  1:37  Drone  
  16  1:45  Roach Warren  
  15  1:55  Queen  
  17  2:02  Extractor  
  17  2:03  Overlord  
  17  2:08  Drone  
  17  2:10  Drone  
  17  2:11  Drone  
  19  2:21  Overlord  
  19  2:23  Drone  
  20  2:30  Drone  
  21  2:44  Drone  
  21  2:45  Drone  
  21  2:46  Roach  
  21  2:48  Roach  
  27  2:57  Roach  
  29  3:09  Roach  
  31  3:22  Roach  
  31  3:23  Drone x2  
  35  3:27  Extractor  
  35  3:28  Drone  
  35  3:29  Roach  
  35  3:33  Queen  
  39  3:44  Roach x2  
  39  3:46  Drone x2  
  45  3:59  Roach x2  
  45  4:00  Overlord  
  45  4:01  Drone  
  50  4:15  Roach  
  52  4:17  Overlord  
  52  4:24  Roach  
  54  4:34  Roach  
  56  4:46  Roach  
  56  4:47  Roach x3  
  54  5:13  Roach x2  
  54  5:14  Roach  
  54  5:15  Roach  
  54  5:17  Roach  
  56  5:28  Roach x2  
  56  5:29  Roach x2  
  56  5:32  Hatchery  
  61  5:40  Lair  
  61  5:41  Roach  
  63  5:43  Drone  
  56  6:10  Roach x3  
  56  6:11  Roach x3  
  66  6:14  Overlord  
  66  6:29  Roach  
  60  6:36  Roach  
  60  6:37  Drone x3  
  60  6:38  Roach  
  65  6:45  Roach  
  63  6:50  Roach  
  65  6:55  Queen  
  65  6:59  Roach  
  65  7:00  Drone x3  
  72  7:06  Roach  
  74  7:11  Drone x3  
  74  7:14  Roach  
  77  7:36  Roach x2  
  81  7:37  Roach  
  81  7:49  Overlord x3  
  81  8:02  Roach  
  81  8:03  Zergling x2, Roach  
  81  8:04  Overlord x2  
  80  8:06  Roach  
  80  8:07  Roach x3  
  80  8:09  Roach  
  68  8:26  Roach  
  68  8:27  Roach x4  
  72  8:28  Roach x2  
Tags
 
Add a new tag
Caveats
  • Supply blocks, unpowered buildings, or Contaminate may cause inaccurate times.
  • Supply counts are checked every 10 seconds.